 Dungeon Crawl Stone Soup version 0.23-a0-550-g7de1f8e (webtiles) character file.

864 Azzok the Cleaver (level 8, -6/63 HPs)
             Began as a Ghoul Fighter on Dec 9, 2018.
             Mangled by a gnoll
             ... wielding a +0 halberd
              (11 damage)
             ... on level 6 of the Dungeon.
             The game lasted 00:07:05 (5162 turns).

Azzok the Cleaver (Ghoul Fighter)                   Turns: 5162, Time: 00:07:06

Health: -6/63      AC: 12    Str: 22    XL:     8   Next: 3%
Magic:  7/7        EV:  1    Int:  3    God:
Gold:   192        SH: 13    Dex:  8    Spells: 7/7 levels left

rFire    . . .     SeeInvis .   a - +0 war axe
rCold    + . .     Gourm    .   v - +0 large shield
rNeg     + + +     Faith    .   u - +0 plate armour
rPois    ∞         Spirit   .   l - +0 helmet
rElec    .         Reflect  .   (no cloak)
rCorr    .         Harm     .   (no gloves)
MR       +....                  (no boots)
Stlth    ..........             (no amulet)
HPRegen  0.00/turn              o - ring of protection from magic
MPRegen  0.10/turn              (no ring)

@: rotting
A: rotting body, claws 1, carnivore, cold resistance 1, negative energy
resistance 3, inhibited regeneration, torment resistance, unbreathing
a: no special abilities


You were on level 6 of the Dungeon.
You were not hungry.

You visited 1 branch of the dungeon, and saw 6 of its levels.
You also visited: Sewer.

You collected 240 gold pieces.
You spent 48 gold pieces at shops.

Inventory:

Hand Weapons
 a - a +0 war axe (weapon)
 k - a +4 spear of piercing
 m - a +0 falchion of holy wrath
Armour
 l - a +0 helmet (worn)
 u - a +0 plate armour (worn)
 v - a +0 large shield (worn)
Jewellery
 o - a ring of protection from magic (left claw)
Wands
 t - a wand of random effects (15)
Scrolls
 b - a scroll of fog {unknown}
 g - 5 scrolls of remove curse {unknown}
 h - a scroll of enchant weapon {unknown}
 j - 5 scrolls of magic mapping {unknown}
 p - 5 scrolls of teleportation {unknown}
 r - a scroll of blinking {unknown}
Potions
 c - 2 potions of curing
 d - 3 potions of might
 e - a potion of cancellation {unknown}
 i - 5 potions of mutation {unknown}
 n - 3 potions of heal wounds {unknown}
 q - a potion of invisibility {unknown}
 s - a potion of magic {unknown}
Comestibles
 f - 5 rations


   Skills:
 - Level 3.2 Fighting
 * Level 8.3 Axes
 - Level 2.6 Armour
 - Level 2.6 Shields


You had 7 spell levels left.
You didn't know any spells.
Your spell library was empty.

Dungeon Overview and Level Annotations

Branches:
Dungeon (6/15)
 Temple: D:4-7

Altars:
Cheibriados
Kikubaaqudgha

Shops:
D:6 !


Innate Abilities, Weirdness & Mutations

Your body is rotting away.
You thrive on raw meat.
You are immune to poison.
You have sharp fingernails.
You are carnivorous and can eat meat at any time.
Your flesh is cold resistant. (rC+)
You are immune to negative energy. (rN+++)
You do not regenerate when monsters are visible.
You are immune to unholy pain and torment.
You can survive without breathing.


Message History

You hit the gnoll.
You kill the gnoll!
You block the gnoll's attack.
The gnoll sergeant hits you from afar with a +6 trident of venom!
* * * LOW HITPOINT WARNING * * *
You slash the gnoll!
You kill the gnoll!
You block the gnoll's attack. You block the gnoll sergeant's attack.
Eat one of 2 chunks of flesh? (ye/n/q)
You eat one of the 2 chunks of flesh.
This raw flesh tastes great!
Eat a chunk of flesh? (ye/n/q)
You eat the chunk of flesh.
This raw flesh tastes great!
The gnoll sergeant hits you with a +6 trident of venom.
* * * LOW HITPOINT WARNING * * *
You closely miss the gnoll sergeant. The gnoll hits you but does no damage.
The gnoll sergeant hits you with a +6 trident of venom!
* * * LOW HITPOINT WARNING * * *
Your shield and plate armour prevent you from hitting the gnoll sergeant.
The gnoll hits you from afar with a +0 halberd!
You die...

·▒···········▒····▒····▒ ▒····
·▒···········▒····▒····▒ ▒····
·▒···········▒····▒····▒ ▒····
·▒▒··▒▒▒▒▒▒▒▒▒·▒▒▒▒▒▒▒'▒▒▒▒▒▒····
▒·▒▒··▒▒▒··▒▒▒·················
╬▒▒·▒··▒··▒)▒▒·················
▒_▒··▒··▒·····················
▒▒··▒··▒··▒▒··················
▒▒···▒···▒▒▒@················
▒▒▒▒▒▒▒▒▒·▒g················
····?···▒g············>···
········▒·················
▒···················
······g▒▒▒▒▒·····▒▒▒▒▒····
······· ▒·····▒ ▒···· ·······
▒·····▒ ▒···· ······· ▒·····▒
▒····


You could see a gnoll sergeant and a gnoll.

Vanquished Creatures
  Sigmund (D:5)
  Eustachio (D:4)
  A howler monkey (D:5)
  A crimson imp (D:6)
  A hound (D:4)
  2 orc priests
  An orc wizard (D:4)
  Ijyb (D:5)
  Natasha (thrice) (D:4)
  A worker ant (D:6)
  A worker ant zombie (D:5)
  Robin (D:2)
  7 adders
  6 gnolls
  An adder zombie (D:6)
  3 dart slugs
  A leopard gecko (D:5)
  9 orcs
  2 giant cockroaches (D:3)
  12 goblins
  7 hobgoblins
  7 jackals
  A quokka (D:6)
  6 ball pythons
  A ball python skeleton (D:4)
  4 bats
  10 frilled lizards
  13 kobolds
  4 rats
109 creatures vanquished.

Notes
Turn   | Place    | Note
-------+----------+-------------------------------------------
     0 | D:1      | Azzok the Ghoul Fighter began the quest for the Orb.
     0 | D:1      | Reached XP level 1. HP: 19/19 MP: 0/0
    48 | D:1      | Reached skill level 2 in Axes
   294 | D:1      | Reached XP level 2. HP: 26/26 MP: 1/1
   920 | D:2      | You fall through a shaft!
   926 | D:3      | Reached skill level 3 in Axes
   932 | D:3      | Reached XP level 3. HP: 18/31 MP: 2/2
   995 | D:2      | Noticed Robin
  1376 | D:2      | Killed Robin
  1376 | D:2      | Reached XP level 4. HP: 33/37 MP: 3/3
  2052 | D:3      | Reached skill level 4 in Axes
  2375 | D:3      | Reached XP level 5. HP: 30/45 MP: 4/4
  2758 | D:4      | Reached skill level 5 in Axes
  2946 | D:4      | Noticed Natasha
  2953 | D:4      | Killed Natasha
  2998 | D:4      | Noticed Eustachio
  3017 | D:4      | Killed Eustachio
  3017 | D:4      | Reached skill level 6 in Axes
  3017 | D:4      | Reached XP level 6. HP: 46/51 MP: 5/5
  3076 | D:4      | Noticed Natasha
  3085 | D:4      | Killed Natasha
  3232 | D:4      | Reached XP level 7. HP: 55/57 MP: 6/6
  3367 | D:4      | Found an ancient bone altar of Kikubaaqudgha.
  3371 | D:4      | Found a glowing drain.
  3396 | Sewer    | Entered a sewer
  4135 | D:4      | Noticed Natasha
  4147 | D:4      | Killed Natasha
  4284 | D:5      | Entered Level 5 of the Dungeon
  4293 | D:5      | Reached skill level 7 in Axes
  4340 | D:5      | Noticed Ijyb
  4366 | D:5      | Killed Ijyb
  4399 | D:5      | Noticed Sigmund
  4409 | D:5      | Killed Sigmund
  4888 | D:6      | Reached skill level 8 in Axes
  4960 | D:6      | Found Hefatz's Distillery.
  4968 | D:6      | Bought a potion of curing for 36 gold pieces
  4968 | D:6      | Bought a potion of degeneration for 12 gold pieces
  5122 | D:6      | Found a snail-covered altar of Cheibriados.
  5145 | D:6      | Reached XP level 8. HP: 50/63 MP: 7/7
  5162 | D:6      | Mangled by a gnoll

Vault maps used:
D:1:      saegor_arrival_miasma
D:2:      first_ration, uniq_robin
D:4:      kennysheep_mini, portal_sewer_entry_d, uniq_natasha, uniq_eustachio
D:5:      uniq_ijyb, uniq_sigmund
D:6:      marbit_many_paths, serial_shops, shop_statue
Sewer:    sewer_co_scattered_pipes

Skill      XL: |  1  2  3  4  5  6  7 |
---------------+----------------------+-----
Axes           | 2 3 4 6 8 |  8.3
Fighting       | |  3.2
Armour         | |  2.6
Shields        | |  2.6

Action                   |  1- 3 |  4- 6 |  7- 9 || total
-------------------------+-------+-------+-------++-------
Melee: War axe           |   106 |   126 |   208 ||   440
  Eat: Chunk             |     7 |     5 |     9 ||    21
Armor: Scale mail        |    41 |    60 |    44 ||   145
       Plate armour      |       |       |    68 ||    68
Dodge: Dodged            |    39 |    32 |    57 ||   128
Block: Shield            |    49 |    54 |    76 ||   179
       Large shield      |       |       |    50 ||    50

Table legend:
 A = Non-vault XP
 B = Vault XP
 C = Vault XP percentage of total XP
 D = Non-vault monster count
 E = Vault monster count
 F = Vault count percentage of total count
                 A         B        C        D         E       F
            +---------+---------+-------+---------+---------+-------
      Total |     620 |     615 |  49.8 |      69 |      40 |  36.7
            +---------+---------+-------+---------+---------+-------
        D:1 |      27 |       0 |   0.0 |      16 |       0 |   0.0
        D:2 |       5 |      19 |  79.2 |       4 |       3 |  42.9
        D:3 |     129 |      18 |  12.2 |      22 |       9 |  29.0
        D:4 |     214 |     256 |  54.5 |      14 |       3 |  17.6
        D:5 |      88 |     263 |  74.9 |       4 |       2 |  33.3
        D:6 |     157 |       3 |   1.9 |       9 |       1 |  10.0
      Sewer |       0 |      56 | 100.0 |       0 |      22 | 100.0
            +---------+---------+-------+---------+---------+-------
